 Dungeon Crawl Stone Soup version 0.25.1-2-g60ff931df9 (webtiles) character file.

Game seed: 5683629239004310851

9394 H0rd4k the Martial Artist (level 11, -6/70 HPs)
             Began as an Octopode Transmuter on Aug 4, 2020.
             Was an Initiate of Gozag.
             Mangled by a hippogriff (8 damage)
             ... on level 2 of the Lair of Beasts on Aug 5, 2020.
             The game lasted 00:33:48 (18665 turns).

H0rd4k the Martial Artist (Octopode Transmuter)    Turns: 18665, Time: 00:33:50

Health: -6/70      AC:  1    Str: 11    XL:     11   Next: 45%
Magic:  21/21      EV: 19    Int: 18    God:    Gozag
Gold:   941        SH:  0    Dex: 12    Spells: 9/24 levels left

rFire    . . .     SeeInvis .     - Unarmed
rCold    + . .     Gourm    .   (no shield)
rNeg     . . .     Faith    .   (helmet restricted)
rPois    .         Spirit   .   t - amulet of the acrobat
rElec    .         Reflect  .   e - +4 ring of evasion
rCorr    +         Harm     .   r - ring of resist corrosion
MR       .....                  q - ring of protection from cold
Stlth    +++++.....             G - ring of wizardry (curse)
HPRegen  0.21/turn              (no ring)
MPRegen  0.17/turn              (no ring)
                                (no ring)
                                (no ring)

@: appendage, studying Throwing
A: almost no armour, stealthy swim, amphibious, 8 rings, constrict 8, tentacle
spike 3, camouflage 1, gelatinous body 1
a: End Transformation, Potion Petition, Call Merchant, Bribe Branch, Renounce
Religion


You were on level 2 of the Lair of Beasts.
You worshipped Gozag.
Gozag was pleased with you.
You were not hungry.
One of your tentacles had a temporary spike.
You visited 3 branches of the dungeon, and saw 14 of its levels.
You also visited: Sewer.

You collected 1561 gold pieces.
You paid 620 gold pieces to Gozag.

Inventory:

Missiles
 a - 296 arrows
 p - 31 poisoned darts (quivered)
Magical Staves
 D - an uncursed staff of air
 N - an uncursed staff of conjuration {unknown}
Jewellery
 e - a +4 ring of evasion (left tentacle)
 q - a ring of protection from cold (on tentacle)
 r - a ring of resist corrosion (right tentacle)
 t - an amulet of the acrobat (around mantle)
 G - a cursed ring of wizardry (on tentacle)
 M - an uncursed ring of flight
Wands
 g - a wand of enslavement (5)
 u - a wand of flame (56)
 B - a wand of paralysis (16)
 H - a wand of polymorph (8)
 I - a wand of random effects (81)
 P - a wand of disintegration (13)
Scrolls
 b - 2 scrolls of amnesia {unknown}
 f - 2 scrolls of random uselessness {unknown}
 h - 8 scrolls of immolation
 i - 3 scrolls of enchant weapon {unknown}
 k - 7 scrolls of remove curse
 l - 2 scrolls of blinking
 m - 3 scrolls of enchant armour
 n - 9 scrolls of teleportation
 E - 2 scrolls of silence {unknown}
 F - a scroll of noise {unknown}
 J - 4 scrolls of fog
 O - 4 scrolls of identify
 Q - a scroll of fear {unknown}
Potions
 d - 4 potions of haste
 j - 3 potions of curing
 o - 2 potions of brilliance
 s - 3 potions of heal wounds
 v - 3 potions of resistance
 w - a potion of magic
 x - 2 potions of might
 z - a potion of mutation
 A - 2 potions of stabbing
 C - a potion of ambrosia
 K - a potion of flight {unknown}
 L - 2 potions of cancellation {unknown}
Books
 y - a manual of Throwing
Comestibles
 c - 6 rations


   Skills:
 * Level 4.4 Fighting
 + Level 5.5 Dodging
 + Level 8.2 Stealth
 * Level 11.3 Unarmed Combat
 + Level 7.2 Spellcasting
 + Level 6.8 Transmutations
 * Level 1.8 Ice Magic
 + Level 2.0 Poison Magic
 + Level 0.8 Evocations


You had 9 spell levels left.
You knew the following spells:

 Your Spells              Type           Power        Failure   Level  Hunger
a - Beastly Appendage     Tmut           ####..       1%          1    None
b - Sticks to Snakes      Tmut           ####....     1%          2    None
c - Spider Form           Tmut/Pois      ###.......   1%          3    #......
d - Blade Hands           Tmut           ####......   8%          5    #####..
e - Ice Form              Ice/Tmut       ###.....     8%          4    ###....

Your spell library contained the following spells:

 Spells                   Type           Power        Failure   Level  Hunger


Dungeon Overview and Level Annotations

Branches:
Dungeon (11/15)            Temple (1/1) D:6            Lair (2/6) D:9
 Spider (0/4) Lair:2        Sewer (visited)
  Swamp: Lair:2-4    Shoals: Lair:2-4       Orc: D:9-12

Altars:
Ashenzari
Cheibriados
Dithmenos
Elyvilon
Fedhas
Gozag
Hepliaklqana
Kikubaaqudgha
Makhleb
Nemelex Xobeh
Okawaru
Qazlal
Ru
Sif Muna
Trog
Uskayaw
Vehumet
Wu Jian
Yredelemnul
Zin
The Shining One
Beogh

Shops:
D:5 ::*!%   D:9 }

Annotations:
D:3 exclusion: downstairs
D:6 3 runed translucent doors, exclusion: 3 doors, harlaan's ghost, novice DESu
D:7 exclusions: downstairs and upstairs
D:8 3 runed translucent doors, exclusion: 3 doors, sirjames's ghost, journeyman HuIE
D:9 exclusion: downstairs
D:10 Fannar; Harold
Lair:2 exclusions: oklob plant and swamp worm


Innate Abilities, Weirdness & Mutations

You cannot wear most types of armour.
You are very stealthy in the water. (Stealth+)
You are amphibious.
You can wear up to eight rings at the same time.
You can use your tentacles to constrict eight enemies at once.
Your skin changes colour to match your surroundings (Stealth+).
Your rubbery body absorbs attacks. (AC +1, EV +1)
One of your tentacles bears a large vicious spike.


Message History

The hippogriff completely misses you. The hippogriff closely misses you. x2
You bludgeon the hippogriff!
The hippogriff is heavily wounded.
You tentacle-slap the hippogriff but do no damage.
The hippogriff is heavily wounded.
The hippogriff bites you!
* * * LOW HITPOINT WARNING * * *
The hippogriff completely misses you. The hippogriff closely misses you.
You tentacle-slap the hippogriff.
The hippogriff is heavily wounded.
The hippogriff closely misses you. The hippogriff misses you.
The hippogriff claws you.
* * * LOW HITPOINT WARNING * * *
You barely miss the hippogriff.
The hippogriff is heavily wounded.
The hippogriff bites you!
* * * LOW HITPOINT WARNING * * *
The hippogriff pecks you!
You die...
Your body crumbles into a pile of gold.

#>. #. .P .##
...## .# #..#
...>. .##... #
.#..# # ##
#####....# #
#.##.......##
.. ####
#.....H....#
#..##.#.
#.....@...#.#
#.......
#...........#
####....
#.....###.....
#.#...
###...### #...
##...# #PP..##
.. .....##
#...#.## .
#.####
#.#.##.#### #
# ####....## #
#......## ####


You could see a hippogriff.

Vanquished Creatures
  Nergalle (D:10)
  Maggie (D:7)
  4 komodo dragons
  A troll (D:8)
  A meliai zombie (D:10)
  4 hippogriffs
  A wyvern (D:11)
  3 yaks (D:10)
  2 water moccasins
  Duvessa (D:7)
  A hornet zombie (D:10)
  A porcupine (Lair:1)
  3 orc warriors
  An ice beast (D:10)
  A phantom (D:9)
  A sky beast (D:8)
  A black bear (D:6)
  10 ogres
  4 wolves (Lair:1)
  5 centaurs
  Blork the orc (D:6)
  8 bullfrogs
  Dowan (D:7)
  A water moccasin zombie (D:5)
  4 scorpions
  9 killer bees
  4 jellies
  A crimson imp (D:7)
  A centaur zombie (D:7)
  5 bullfrog zombies
  4 hounds
  10 orc wizards
  5 orc priests
  2 bullfrog skeletons
  3 iguanas
  12 worker ants
  A hound zombie (D:7)
  2 worker ant zombies
  12 gnolls
  A howler monkey skeleton (D:6)
  13 adders
  4 shadow imps
  An ooze (D:2)
  An adder skeleton (D:4)
  An adder zombie (D:6)
  4 worms
  3 dart slugs
  7 leopard geckos
  50 orcs
  9 bats
  5 giant cockroaches
  5 goblins
  7 hobgoblins
  28 jackals
  11 kobolds
  8 quokkas
  8 ball pythons
  8 frilled lizards
  2 gnoll zombies (D:9)
  A leopard gecko zombie (D:6)
  3 quokka skeletons
  8 rats
  5 plants (Sewer)
326 creatures vanquished.

Vanquished Creatures (others)
  An orc warrior (D:9)
  3 fungi
  7 plants
11 creatures vanquished.

Grand Total: 337 creatures vanquished

Notes
Turn   | Place    | Note
-------+----------+-------------------------------------------
     0 | D:1      | H0rd4k the Octopode Transmuter began the quest for the Orb.
     0 | D:1      | Reached XP level 1. HP: 13/13 MP: 3/3
   491 | D:1      | Reached XP level 2. HP: 18/18 MP: 5/5
  1262 | D:1      | Reached XP level 3. HP: 8/23 MP: 6/6
  1266 | D:1      | Learned a level 2 spell: Sticks to Snakes
  1270 | D:1      | Learned a level 3 spell: Spider Form
  2117 | D:2      | Reached skill level 1 in Stealth
  2134 | D:2      | Reached XP level 4. HP: 28/28 MP: 5/7
  2285 | D:2      | Found a bloodstained altar of Trog.
  3094 | D:3      | Reached skill level 4 in Unarmed Combat
  3454 | D:3      | Reached XP level 5. HP: 21/33 MP: 6/8
  4130 | D:3      | Found a radiant altar of Vehumet.
  4244 | D:4      | Found a glowing drain.
  4290 | D:4      | Noticed an ogre
  4306 | Sewer    | Entered a sewer
  5072 | D:4      | Reached XP level 6. HP: 31/38 MP: 8/10
  5348 | D:5      | Entered Level 5 of the Dungeon
  5401 | D:5      | Reached skill level 5 in Unarmed Combat
  5566 | D:5      | Found Moaraop's Assorted Antiques.
  5574 | D:5      | Reached XP level 7. HP: 23/43 MP: 9/11
  6245 | D:4      | Found an iron altar of Okawaru.
  6428 | D:4      | Found an ornate altar of the Wu Jian Council.
  6771 | D:5      | Found Hesump's Distillery.
  6785 | D:5      | Reached XP level 8. HP: 50/50 MP: 11/13
  6798 | D:5      | Found Neluf's Food Emporium.
  6833 | D:5      | Reached skill level 6 in Unarmed Combat
  7130 | D:5      | Reached skill level 1 in Poison Magic
  7299 | D:5      | Found a blossoming altar of Fedhas.
  7357 | D:5      | Found Iceny's Book Emporium.
  7622 | D:5      | Found a hide-covered altar of Uskayaw.
  7784 | D:5      | Found Qeask's Book Boutique.
  7862 | D:5      | Found a glowing silver altar of Zin.
  8063 | D:6      | Found a runed translucent gate.
  8063 | D:6      | Found a runed translucent gate.
  8063 | D:6      | Found a runed translucent gate.
  8068 | D:6      | Noticed a kobold demonologist
  8069 | D:6      | Noticed harlaan's ghost (novice DESu)
  8526 | D:6      | Noticed Blork the orc
  8690 | D:6      | Found a staircase to the Ecumenical Temple.
  8701 | D:7      | Reached skill level 7 in Unarmed Combat
  8701 | D:7      | Reached XP level 9. HP: 55/55 MP: 12/16
  8753 | D:7      | Found a stormy altar of Qazlal.
  8760 | D:7      | Reached skill level 5 in Stealth
  8791 | D:7      | Reached skill level 5 in Transmutations
  8795 | D:7      | Noticed Maggie
  8799 | D:7      | Reached skill level 5 in Spellcasting
  8811 | D:7      | Killed Maggie
  9153 | D:7      | Found an ancient bone altar of Kikubaaqudgha.
  9163 | D:7      | Noticed Duvessa
  9165 | D:7      | Noticed Dowan
  9521 | D:7      | Found a sparkling altar of Nemelex Xobeh.
  9625 | D:7      | Killed Duvessa
  9861 | D:7      | Killed Dowan
  9861 | D:7      | Reached skill level 8 in Unarmed Combat
 10158 | D:8      | Noticed a troll
 10172 | D:8      | Killed a troll
 10508 | D:8      | Learned a level 5 spell: Blade Hands
 11398 | D:8      | Found a runed translucent gate.
 11398 | D:8      | Found a runed translucent gate.
 11403 | D:8      | Found a runed translucent gate.
 11406 | D:8      | Found a roughly hewn altar of Beogh.
 11406 | D:8      | Noticed sirjames's ghost (journeyman HuIE)
 11407 | D:8      | Identified the +7 chain mail of Wasted Space {*Corrode rN++
                  | SInv}
 11623 | D:7      | Reached XP level 10. HP: 36/61 MP: 17/19
 11893 | D:6      | Killed Blork the orc
 12169 | Temple   | Entered the Ecumenical Temple
 12239 | Temple   | Became a worshipper of Gozag Ym Sagoz the Greedy
 12420 | D:9      | Found a staircase to the Lair.
 12577 | D:9      | Reached skill level 9 in Unarmed Combat
 12868 | D:9      | Found a shattered altar of Ashenzari.
 13025 | D:9      | Found a shadowy altar of Dithmenos.
 13161 | D:9      | Found a snail-covered altar of Cheibriados.
 13606 | D:9      | Found a basalt altar of Yredelemnul.
 13680 | D:10     | Entered Level 10 of the Dungeon
 13729 | D:10     | Reached skill level 5 in Dodging
 14381 | D:10     | Reached skill level 10 in Unarmed Combat
 14468 | D:10     | Noticed Harold
 14694 | D:10     | Noticed Fannar
 14778 | D:10     | Noticed Nergalle
 15220 | D:10     | Killed Nergalle
 15334 | D:11     | Reached XP level 11. HP: 64/68 MP: 15/21
 15541 | D:11     | Noticed a seven-headed hydra
 16072 | Lair:1   | Entered Level 1 of the Lair of Beasts
 16160 | Lair:1   | Learned a level 4 spell: Ice Form
 16175 | Lair:1   | Reached skill level 11 in Unarmed Combat
 16960 | Lair:1   | Reached skill level 1 in Ice Magic
 17752 | Lair:2   | Found a shimmering blue altar of Sif Muna.
 18053 | Lair:2   | Noticed an oklob plant
 18111 | Lair:2   | Found a hole to the Spider Nest.
 18665 | Lair:2   | HP: 2/70 [hippogriff (9)]
 18665 | Lair:2   | Mangled by a hippogriff

Illustrated notes

Levels and vault maps discovered:
D:1:      dpeg_arrival_ratfight, layout_basic, palyth_stone_intersect
D:2:      layout_loops_corners, nicolae_overflow_hidden_temple, first_ration
D:3:      layout_loops_cross, marbit_many_paths, st_stairs_9
D:4:      layout_loops_ring, old_standard_altar, okawaru_gym_becter,
          cheibrodos_sewer_entry_drain, minmay_manual_mail
D:5:      layout_gridville, fedhas_altar_1, kennysheep_mini_moat,
          old_standard_altar, serial_shops, kennysheep_little_box, shop_statue,
          shop, nicolae_shop_trees, nicolae_shop_waterfront
D:6:      layout_basic, minmay_temple_entry_large_hall,
          gammafunk_ghost_nasty_kobolds, uniq_blork_the_orc
D:7:      layout_loops_ring, grunt_qazlal_clouds,
          nicolae_overflow_crystal_walls, basic_altar, uniq_maggie, uniq_duvessa
D:8:      layout_cave_pods, biasface_ghost_orc_armoury, serial_park,
          serial_park_tiny_1, serial_park_avenue1
D:9:      layout_roguey [special_room_orc], lemuel_zombie_altar_yredelemnul,
          lemuel_doored_altar, kennysheep_mini, lemuel_round_altar
D:10:     layout_basic, uniq_nergalle, uniq_harold, uniq_fannar
D:11:     layout_basic, david_orc_2
Temple:   compressed_dpeg_triangle_lava_temple
Lair:1:   layout_gridlike, st_stairs_13
Lair:2:   layout_layer_cave, nicolae_swamp_entry_splash_gauntlet,
          spider_nest_entry_webs, basic_altar, minmay_lair_oklob_chamber

Skill      XL: |  1  2  3  4  5  6  7  8  9 10 11 |
---------------+----------------------------------+-----
Stealth        | 1 2 3 4 6 7 8 |  8.2
Unarmed Combat | 4 5 7 8 10 11 | 11.3
Transmutations | 3 4 6 |  6.8
Spellcasting   | 3 4 6 7 |  7.2
Dodging        | 3 4 5 |  5.5
Fighting       | 2 3 4 |  4.4
Poison Magic   | 1 2 |  2.0
Ice Magic      | 1 |  1.8
Evocations     | |  0.8

Action                   |  1- 3 |  4- 6 |  7- 9 | 10-12 || total
-------------------------+-------+-------+-------+-------++-------
Melee: Unarmed           |    72 |   313 |   372 |   337 ||  1094
       Constrict         |    24 |    61 |    65 |    40 ||   190
       Tentacles         |    17 |    58 |    47 |    36 ||   158
       Kick              |     4 |    16 |    73 |    39 ||   132
       Punch             |       |     4 |    10 |    14 ||    28
Throw: Dart              |       |       |     1 |       ||     1
 Cast: Beastly Appendage |     4 |    18 |    34 |    27 ||    83
       Spider Form       |       |       |    10 |     8 ||    18
       Blade Hands       |       |       |       |     8 ||     8
       Ice Form          |       |       |       |     4 ||     4
Invok: Call Merchant     |       |       |       |     1 ||     1
Evoke: Wand              |       |       |     3 |     5 ||     8
  Use: Potion            |       |     6 |       |     3 ||     9
       Scroll            |       |       |     6 |     4 ||    10
 Stab: Sleeping          |     4 |    13 |    15 |    15 ||    47
       Distracted        |       |       |     1 |     6 ||     7
       Paralysed         |       |       |     7 |     3 ||    10
  Eat: Chunk             |     3 |    12 |    20 |     2 ||    37
       Ration            |       |       |       |     7 ||     7
Armor: Skin              |     5 |    14 |    13 |     7 ||    39
Dodge: Dodged            |    45 |   168 |   299 |   279 ||   791
